 Dungeon Crawl Stone Soup version 0.25-a0-785-gb22c70e859 (webtiles) character file.

Game seed: 1322748897510196733, levelgen mode: deterministic

518 kae the Ruffian (level 7, 0/52 HPs)
             Began as a Pale Draconian Transmuter on Apr 17, 2020.
             Was a Follower of Wu Jian.
             Slain by a mummy (8 damage)
             ... in an ossuary.
             The game lasted 00:06:40 (4600 turns).

kae the Ruffian (Pale Draconian Transmuter)         Turns: 4600, Time: 00:06:41

Health: 0/52       AC:  8    Str: 15    XL:     7   Next: 1%
Magic:  12/12      EV: 15    Int: 13    God:    Wu Jian [*.....]
Gold:   168        SH:  0    Dex: 11    Spells: 7/13 levels left

rFire    . . .     SeeInvis .     - Unarmed
rCold    . . .     Gourm    .   (no shield)
rNeg     . . .     Faith    .   (armour unavailable)
rPois    .         Spirit   .   (helmet restricted)
rElec    .         Reflect  .   h - +1 cloak
rCorr    .         Harm     .   (no gloves)
MR       .....                  (no boots)
Stlth    +.........             (no amulet)
HPRegen  0.17/turn              i - +3 ring of evasion
MPRegen  0.13/turn              (no ring)

@: no status effects
A: breathe steam, unfitting armour, cold-blooded, AC +6
a: Breathe Steam, Renounce Religion


You were in an ossuary.
You worshipped Wu Jian.
Wu Jian was aware of your devotion.
You were hungry.

You visited 1 branch of the dungeon, and saw 4 of its levels.
You also visited: Ossuary.

You collected 168 gold pieces.

Inventory:

Missiles
 a - 52 arrows
Armour
 h - a +1 cloak (worn)
Jewellery
 i - a +3 ring of evasion (left hand)
Scrolls
 b - 3 scrolls of remove curse
 e - a scroll of identify
 j - a scroll of enchant armour
 p - 2 scrolls of teleportation {unknown}
 q - a scroll of fear {unknown}
 r - a scroll of immolation {unknown}
Potions
 d - a potion of brilliance
 f - a potion of stabbing
 g - a potion of resistance
 k - 3 potions of curing
 l - a potion of magic {unknown}
 m - 2 potions of mutation
 n - a potion of lignification {unknown}
 o - a potion of flight {unknown}
Comestibles
 c - 7 rations


   Skills:
 - Level 1.1 Fighting
 - Level 1.7 Dodging
 * Level 6.0 Unarmed Combat
 + Level 3.8 Spellcasting
 + Level 4.1 Transmutations


You had 7 spell levels left.
You knew the following spells:

 Your Spells              Type           Power        Failure   Level  Hunger
a - Beastly Appendage     Tmut           ##....       4%          1    None
b - Sticks to Snakes      Tmut           ##......     6%          2    ##.....
c - Spider Form           Tmut/Pois      #.........   26%         3    ###....

Your spell library contained the following spells:

 Spells                   Type           Power        Failure   Level  Hunger
 Ice Form                 Ice/Tmut       #.......     65%         4    ####...
 Blade Hands              Tmut           ##........   73%         5    ######.


Dungeon Overview and Level Annotations

Branches:
Dungeon (4/15)             Temple (0/1) D:4         Ossuary (1/1)

Altars:
Makhleb
Okawaru
Sif Muna
Vehumet
Wu Jian
Zin

Shops:
D:4 (

Annotations:
D:3 1 runed translucent door, DrMuscles's ghost, amateur MfAK


Innate Abilities, Weirdness & Mutations

You can breathe blasts of scalding, opaque steam.
Your pale cyan-grey scales are hard. (AC +6)
You cannot fit into any form of body armour.
You are cold-blooded and may be slowed by cold attacks.


Message History

You spin and attack the mummy.
You hit the mummy.
The mummy is severely damaged.
You see here 12 gold pieces.
You see here 6 gold pieces.
You spin and attack the mummy repeatedly.
You barely miss the mummy.
You tail-slap the mummy, but do no damage.
The mummy is moderately damaged.
You barely miss the mummy. You tail-slap the mummy.
The mummy is moderately damaged.
Unknown command.
You spin and attack the mummy.
You barely miss the mummy.
You tail-slap the mummy, but do no damage.
The mummy is severely damaged.
You spin and attack the mummy.
You hit the mummy.
The mummy is severely damaged.
There is an open door here.
The mummy closely misses you. The mummy hits you!
You die...

################
##..............##
##......####......##
#......##..##......#
#.....##....##.....#
#..........@.......#
#........MMM.....##
#..............##
#'##........##M#
##M.##......##..##
##M...##....##..M.##
##....M.#....#....M.##
#$....M.#....#....M.$#
#$......#....#......$#


You could see 4 mummies.

Vanquished Creatures
  2 orc priests (D:4)
  Crazy Yiuf (D:3)
  A bullfrog skeleton (D:2)
  A centaur skeleton (D:4)
  An orc wizard (D:4)
  3 worker ants (D:4)
  A hound skeleton (D:4)
  2 mummies (Ossuary)
  Robin (D:4)
  7 gnolls (D:2)
  5 adders
  2 oozes
  2 adder skeletons (D:4)
  4 worms (D:2)
  3 dart slugs
  A leopard gecko (D:2)
  5 orcs (D:4)
  7 giant cockroaches
  13 hobgoblins
  2 jackals (D:1)
  A ball python (D:3)
  3 bats
  3 frilled lizards
  2 gnoll zombies (Ossuary)
  9 goblins
  4 hobgoblin zombies (Ossuary)
  7 kobolds
  2 kobold zombies (Ossuary)
  7 rats
102 creatures vanquished.

Notes
Turn   | Place    | Note
-------+----------+-------------------------------------------
     0 | D:1      | kae the Draconian Transmuter began the quest for the Orb.
     0 | D:1      | Reached XP level 1. HP: 16/16 MP: 3/3
   161 | D:1      | Reached XP level 2. HP: 23/23 MP: 5/5
   174 | D:1      | Learned a level 2 spell: Sticks to Snakes
   737 | D:1      | Reached XP level 3. HP: 28/28 MP: 4/6
   742 | D:1      | Learned a level 3 spell: Spider Form
  1440 | D:2      | Reached skill level 4 in Unarmed Combat
  1717 | D:2      | Reached XP level 4. HP: 24/35 MP: 4/7
  1870 | D:2      | Found a radiant altar of Vehumet.
  2285 | D:2      | Reached XP level 5. HP: 30/40 MP: 6/9
  2951 | D:3      | Found a burning altar of Makhleb.
  3341 | D:3      | Found a runed translucent door.
  3343 | D:3      | Noticed DrMuscles's ghost (amateur MfAK)
  3443 | D:3      | Found a glowing silver altar of Zin.
  3487 | D:3      | Found a runed translucent door.
  3488 | D:3      | Noticed Crazy Yiuf
  3497 | D:3      | Killed Crazy Yiuf
  3497 | D:3      | Reached skill level 5 in Unarmed Combat
  3725 | D:4      | Found Ustrerr's Antique Weapon Emporium.
  3742 | D:4      | Found an ornate altar of the Wu Jian Council.
  3743 | D:4      | Found a shimmering blue altar of Sif Muna.
  3747 | D:4      | Found an iron altar of Okawaru.
  3770 | D:4      | Reached XP level 6. HP: 19/47 MP: 8/11
  3773 | D:4      | Became a worshipper of the Wu Jian Council
  3900 | D:4      | Noticed Robin
  3924 | D:4      | Killed Robin
  4083 | D:4      | Reached * piety under Wu Jian
  4143 | D:4      | Found a staircase to the Ecumenical Temple.
  4170 | D:4      | Found a sand-covered staircase.
  4173 | D:4      | Reached skill level 6 in Unarmed Combat
  4183 | Ossuary  | Entered an ossuary
  4576 | Ossuary  | Your scales start taking on a pale cyan-grey colour.
  4576 | Ossuary  | Reached XP level 7. HP: 26/52 MP: 12/12
  4600 | Ossuary  | Slain by a mummy

Levels and vault maps discovered:
D:1:      dpeg_arrival_three_same_balls, layout_basic
D:2:      layout_loops_corners, vehumet_crystals, lightli_corner_chamber
D:3:      layout_basic, lemuel_doored_altar, zin_statuary, first_ration,
          ebering_ghost_reflecting_pool, uniq_crazy_yiuf_cottage
D:4:      layout_basic, grunt_temple_overflow_open, temple_doors_cd,
          enter_ossuary_1, serial_shops, nicolae_shop_trees, fedhas_altar_4,
          uniq_robin
Ossuary:  ossuary_tomb_3

Skill      XL: |  1  2  3  4  5  6 |
---------------+-------------------+-----
Unarmed Combat | 4 5 6 |  6.0
Transmutations | 3 4 |  4.1
Spellcasting   | 3 |  3.8
Fighting       | |  1.1
Dodging        | |  1.7

Action                   |  1- 3 |  4- 6 |  7- 9 || total
-------------------------+-------+-------+-------++-------
Melee: Unarmed           |   107 |   275 |    13 ||   395
       Tailslap          |     8 |    15 |     4 ||    27
       Kick              |     4 |     6 |       ||    10
       Headbutt          |     3 |     2 |       ||     5
       Punch             |       |     3 |       ||     3
 Cast: Beastly Appendage |    13 |    11 |       ||    24
       Spider Form       |     3 |    18 |       ||    21
Invok: Whirlwind         |       |    18 |     5 ||    23
       Lunge             |       |     7 |       ||     7
  Use: Scroll            |     3 |    11 |       ||    14
       Potion            |     2 |     6 |       ||     8
 Stab: Sleeping          |       |     2 |       ||     2
  Eat: Ration            |     1 |       |       ||     1
       Chunk             |       |    11 |       ||    11
Armor: Skin              |    20 |    43 |     1 ||    64
Dodge: Dodged            |    56 |   220 |     2 ||   278

Table legend:
 A = Non-vault XP
 B = Vault XP
 C = Vault XP percentage of total XP
 D = Non-vault monster count
 E = Vault monster count
 F = Vault count percentage of total count
                 A         B        C        D         E       F
            +---------+---------+-------+---------+---------+-------
      Total |     623 |     118 |  15.9 |      79 |      23 |  22.5
            +---------+---------+-------+---------+---------+-------
        D:1 |      42 |       0 |   0.0 |      25 |       0 |   0.0
        D:2 |     213 |       0 |   0.0 |      26 |       0 |   0.0
        D:3 |      29 |      46 |  61.3 |       9 |       4 |  30.8
        D:4 |     339 |      30 |   8.1 |      19 |       9 |  32.1
    Ossuary |       0 |      42 | 100.0 |       0 |      10 | 100.0
            +---------+---------+-------+---------+---------+-------
